Workbook
Name _1_PRODUCTOS_DE_NUEVO_CONOCIMIENTO: #REF!
Name _2_PRODUCTOS_DE_DESARROLLO_TECNOLÓGICO_E_INNOVACIÓN: #REF!
Name _3_PRODUCTOS_DE_APROPIACIÓN_SOCIAL_DEL_CONOCIMIENTO: #REF!
Name _3_PRODUCTOS_DE_DIVULGACIÓN_PÚBLICA_DE_LA_CIENCIA: #REF!
Name _4_PRODUCTOS_DE_FORMACIÓN_DE_RECURSO_HUMANO_PARA_LA_CTeI: #REF!
Name TIPO: #REF!

Sheet Instrucciones
B3: I. INSTRUCCIONES DE DILIGENCIAMIENTO DEL PRESUPUESTO
B4: a) El presupuesto general totaliza los montos de los rubros solicitados tanto para financiación del proyecto por parte de la FUCN como de entidades externas.
B5: b) Los rubros utilizados deben ser descritos y justificados en la siguiente pestaña de excel.
B6: El rubro de personal cientifico: corresponderán a la asignación horaria a realizar, una vez que el proyecto haya sido aprobado. Se otorgarán un máximo de 10 horas para el investigador (a) principal, y un máximo de 8 horas para quienes ejerzan como co-investigadores de la propuesta. De todas maneras, estos horarios se concertarán con las respectivas decanaturas y coordinaciones de programas. O a la inclusión de personal externo financiado por una entidad aliada.
B7: Servicios técnicos: podrán aprobarse gastos por concepto de consultoría o asesoría técnica siempre y cuando sean sujetos de validación y verificación de disponibilidad presupuestal con la Dirección Financiera
B8: Materiales e insumos: se aprobarán costos de papelería asociados a la ejecución del proyecto, por concepto de materiales, fotocopias, impresión de formularios, entre otros; siempre y cuando hayan sido presupuestados.
B9: Trabajo de Campo: bajo este rubro serán financiables los costos a que haya lugar en el proceso trabajo de campo, incluido el transporte.
B10: Equipos: Aquellos necesarios y justificados para el proyecto.
B11: Software: Licenciamientos
B12: Gestión de publicaciones: se podrán solicitar recursos por concepto de publicación de artículos científicos, en revistas indexadas en las bases de datos ISI – Scopus, sin importar el cuartil de la publicación –Q1, Q2, Q3 o Q4-.
B13: Participación en eventos científicos nacionales: recursos para participación como ponente en eventos que cumplan los criterios de existencia y calidad establecidos por Ministerio de Ciencia, Tecnología e Innovación y que representen un aporte para la divulgación y apropiación social de los resultados del proyecto. Se incluye valor de viáticos, tiquetes e inscripción. Solo se podrá́ presupuestar un ponente por proyecto
B14: II. NOTA
... B16: b) Cuando aplique el caso, justificar cada rubro por el cual se solicita financiamiento, de acuerdo a las actividades propuestas en el proyecto.

Sheet Presupuesto
D2: PRESUPUESTO CONVOCATORIA INTERNA DE INVESTIGACIONES | L2: Código | M2: GFFO - 15
L3: Versión | M3: 2
L4: Fecha
B6: Nombre del proyecto
B7: Fecha de Inicio
B8: Fecha de finalización
B9: Facultad responsable
B10: Programa(s) académico(s) al que corresponde el proyecto
B11: Grupo de Investigación
B12: Investigador responsable
B13: Presupuesto realizado para (tiempo)
B16: PRESUPUESTO GENERAL DEL PROYECTO
B18: RUBROS | E18: Fuentes de Financiamiento | M18: Total
E19: Contrapartida UCN | G19: Aliado 1 | I19: Aliado 2 | K19: Aliado 3
B22: 1. Personal Científico | E22: =+K42 -> 19233360 | G22: =+L42 -> 0 | I22: =+M42 -> 0 | K22: =+N42 -> 0 | M22: =SUM(E22:L22) -> 19233360
B23: 2. Servicios Técnicos | E23: =+K52 -> 0 | G23: =+L52 -> 0 | I23: =+M52 -> 0 | K23: =+N52 -> 0 | M23: =SUM(E23:L23) -> 0
B24: 3. Materiales e Insumos | E24: =+K65 -> 0 | G24: =+L65 -> 0 | I24: =+M65 -> 0 | K24: =+N65 -> 0 | M24: =SUM(E24:L24) -> 0
B25: 4. Salidas de Campo | E25: =+K77 -> 0 | G25: =+L77 -> 0 | I25: =+M77 -> 0 | K25: =+N77 -> 0 | M25: =SUM(E25:L25) -> 0
B26: 5. Equipos | E26: =+K87 -> 0 | G26: =+L87 -> 0 | I26: =+M87 -> 0 | K26: =+N87 -> 0 | M26: =SUM(E26:L26) -> 0
B27: 6. Software | E27: =+K96 -> 0 | G27: =+L96 -> 0 | I27: =+M96 -> 0 | K27: =+N96 -> 0 | M27: =SUM(E27:L27) -> 0
B28: 7. Gestión de publicaciones | E28: =+K107 -> 0 | G28: =+L107 -> 0 | I28: =+M107 -> 0 | K28: =+N107 -> 0 | M28: =SUM(E28:L28) -> 0
B29: 8. Eventos científicos Nacionales | E29: =+K119 -> 0 | G29: =+L119 -> 0 | I29: =+M119 -> 0 | K29: =+N119 -> 0 | M29: =SUM(E29:L29) -> 0
B30: TOTAL PRESUPUESTO DEL PROYECTO | E30: =SUM(E22:F29) -> 19233360 | G30: =SUM(G22:H29) -> 0 | I30: =SUM(I22:J29) -> 0 | K30: =SUM(K22:L29) -> 0 | M30: =SUM(M22:M29) -> 19233360
B32: 1. PERSONAL CIENTÍFICO
B34: Nombres y Apellidos | C34: Función dentro del Proyecto | D34: Escalafón Docente | E34: Valor Hora ($) | F34: Dedicación Horas/semana | G34: No. de Semanas | H34: Semestre 1 | I34: Semestre 2 | J34: Semestre 3 | K34: Fuentes de Financiamiento
K35: Contrapartida UCN | L35: Aliado 1 | M35: Aliado 2 | N35: Aliado 3 | O35: SUB-TOTAL
C36: Investigador Principal | D36: DOCTORADO - TITULAR | E36: =IFERROR(+IF(C36<>"ESTUDIANTE",VLOOKUP(D36,Listas!$AA$2:$AD$5,4,0),""),"") -> 46234.038 | F36: 8 | G36: 52 | K36: =IFERROR(E36*F36*G36,"") -> 19233360 | O36: =SUM(K36:N36) -> 19233360
E37: =IFERROR(+IF(C37<>"ESTUDIANTE",VLOOKUP(D37,Listas!$AA$2:$AD$5,4,0),""),"") | K37: =IFERROR(E37*F37*G38,"") | O37: =SUM(I37:L37) -> 0
E38: =IFERROR(+IF(C38<>"ESTUDIANTE",VLOOKUP(D38,Listas!$AA$2:$AD$5,4,0),""),"") | K38: =IFERROR(E38*F38*#REF!,"") | O38: =SUM(I38:L38) -> 0
E39: =IFERROR(+IF(C39<>"ESTUDIANTE",VLOOKUP(D39,Listas!$AA$2:$AD$5,4,0),""),"") | K39: =IFERROR(E39*F39*G39,"") | O39: =SUM(I39:L39) -> 0
E40: =IFERROR(+IF(C40<>"ESTUDIANTE",VLOOKUP(D40,Listas!$AA$2:$AD$5,4,0),""),"") | K40: =IFERROR(E40*F40*G40,"") | O40: =SUM(I40:L40) -> 0
E41: =IFERROR(+IF(C41<>"ESTUDIANTE",VLOOKUP(D41,Listas!$AA$2:$AD$5,4,0),""),"") | K41: =IFERROR(E41*F41*G41,"") | O41: =SUM(I41:L41) -> 0
B42: SUB-TOTAL | H42: =SUM(H36:H41) -> 0 | I42: =SUM(I36:I41) -> 0 | J42: =SUM(J36:J41) -> 0 | K42: =SUM(K36:K41) -> 19233360 | L42: =SUM(L36:L41) -> 0 | M42: =SUM(M36:M41) -> 0 | N42: =SUM(N36:N41) -> 0 | O42: =SUM(O36:O41) -> 19233360
B45: 2. SERVICIOS TÉCNICOS
B47: Descripción | E47: Justificación | H47: Semestre 1 | I47: Semestre 2 | J47: Semestre 3 | K47: Fuentes de Financiamiento
K48: Contrapartida UCN | L48: Aliado 1 | M48: Aliado 2 | N48: Aliado 3 | O48: SUB-TOTAL
B49: Servicios de laboratorio | O49: =SUM(K49:N49) -> 0
B50: Consultoría | O50: =SUM(K50:N50) -> 0
B51: Asesoría técnica | O51: =SUM(K51:N51) -> 0
B52: SUB-TOTAL | H52: =SUM(H46:H51) -> 0 | I52: =SUM(I46:I51) -> 0 | J52: =SUM(J46:J51) -> 0 | K52: =SUM(K46:K51) -> 0 | L52: =SUM(L46:L51) -> 0 | M52: =SUM(M46:M51) -> 0 | N52: =SUM(N46:N51) -> 0 | O52: =SUM(O49:O51) -> 0
B54: 3. MATERIALES E INSUMOS
B56: Descripción | E56: Justificación | H56: Semestre 1 | I56: Semestre 2 | J56: Semestre 3 | K56: Fuentes de Financiamiento
K57: Contrapartida UCN | L57: Aliado 1 | M57: Aliado 2 | N57: Aliado 3 | O57: SUB-TOTAL
O58: =SUM(K58:N58) -> 0
O59: =SUM(K59:N59) -> 0
O60: =SUM(K60:N60) -> 0
O61: =SUM(K61:N61) -> 0
O62: =SUM(K62:N62) -> 0
O63: =SUM(K63:N63) -> 0
O64: =SUM(K64:N64) -> 0
B65: SUB-TOTAL | H65: =SUM(H55:H64) -> 0 | I65: =SUM(I55:I64) -> 0 | J65: =SUM(J55:J64) -> 0 | K65: =SUM(K55:K64) -> 0 | L65: =SUM(L55:L64) -> 0 | M65: =SUM(M55:M64) -> 0 | N65: =SUM(N55:N64) -> 0 | O65: =SUM(O58:O64) -> 0
B67: 4. SALIDAS DE CAMPO
B69: Descripción | D69: Lugar | E69: No. de Días | F69: No. de Personas | G69: Costo/dia por persona | H69: Semestre 1 | I69: Semestre 2 | J69: Semestre 3 | K69: Fuentes de Financiamiento
K70: Contrapartida UCN | L70: Aliado 1 | M70: Aliado 2 | N70: Aliado 3 | O70: SUB-TOTAL
O71: =SUM(K71:N71) -> 0
O72: =SUM(K72:N72) -> 0
O73: =SUM(K73:N73) -> 0
O74: =SUM(K74:N74) -> 0
O75: =SUM(K75:N75) -> 0
O76: =SUM(K76:N76) -> 0
B77: SUB-TOTAL | H77: =SUM(H68:H76) -> 0 | I77: =SUM(I68:I76) -> 0 | J77: =SUM(J68:J76) -> 0 | K77: =SUM(K68:K76) -> 0 | L77: =SUM(L68:L76) -> 0 | M77: =SUM(M68:M76) -> 0 | N77: =SUM(N68:N76) -> 0 | O77: =SUM(O71:O76) -> 0
B79: 5. EQUIPOS
B81: Descripción | E81: Justificación | G81: Cantidad | H81: Semestre 1 | I81: Semestre 2 | J81: Semestre 3 | K81: Fuentes de Financiamiento
K82: Contrapartida UCN | L82: Aliado 1 | M82: Aliado 2 | N82: Aliado 3 | O82: SUB-TOTAL
O83: =SUM(K83:N83) -> 0
O84: =SUM(K84:N84) -> 0
O85: =SUM(K85:N85) -> 0
O86: =SUM(K86:N86) -> 0
B87: SUB-TOTAL | H87: =SUM(H80:H83) -> 0 | I87: =SUM(I80:I83) -> 0 | J87: =SUM(J80:J83) -> 0 | K87: =SUM(K80:K83) -> 0 | L87: =SUM(L80:L83) -> 0 | M87: =SUM(M80:M83) -> 0 | N87: =SUM(N80:N83) -> 0 | O87: =SUM(O83:O83) -> 0
B89: 6. SOFTWARE
B91: Descripción | E91: Justificación | H91: Semestre 1 | I91: Semestre 2 | J91: Semestre 3 | K91: Fuentes de Financiamiento
K92: Contrapartida UCN | L92: Aliado 1 | M92: Aliado 2 | N92: Aliado 3 | O92: SUB-TOTAL
O93: =SUM(K93:N93) -> 0
O94: =SUM(K94:N94) -> 0
O95: =SUM(K95:N95) -> 0
B96: SUB-TOTAL | H96: =SUM(H90:H95) -> 0 | I96: =SUM(I90:I95) -> 0 | J96: =SUM(J90:J95) -> 0 | K96: =SUM(K90:K95) -> 0 | L96: =SUM(L90:L95) -> 0 | M96: =SUM(M90:M95) -> 0 | N96: =SUM(N90:N95) -> 0 | O96: =SUM(O93:O95) -> 0
B98: 7. GESTIÓN DE PUBLICACIONES
B100: Descripción | E100: Justificación | H100: Semestre 1 | I100: Semestre 2 | J100: Semestre 3 | K100: Fuentes de Financiamiento
K101: Contrapartida UCN | L101: Aliado 1 | M101: Aliado 2 | N101: Aliado 3 | O101: SUB-TOTAL
O102: =SUM(K102:N102) -> 0
O103: =SUM(K103:N103) -> 0
O104: =SUM(K104:N104) -> 0
O105: =SUM(K105:N105) -> 0
O106: =SUM(K106:N106) -> 0
B107: SUB-TOTAL | H107: =SUM(H99:H106) -> 0 | I107: =SUM(I99:I106) -> 0 | J107: =SUM(J99:J106) -> 0 | K107: =SUM(K99:K106) -> 0 | L107: =SUM(L99:L106) -> 0 | M107: =SUM(M99:M106) -> 0 | N107: =SUM(N99:N106) -> 0 | O107: =SUM(O104:O106) -> 0
B109: 9. EVENTOS CIENTÍFICOS NACIONALES
B111: Descripción | E111: Justificación | G111: Cantidad | H111: Semestre 1 | I111: Semestre 2 | J111: Semestre 3 | K111: Fuentes de Financiamiento
K112: Contrapartida UCN | L112: Aliado 1 | M112: Aliado 2 | N112: Aliado 3 | O112: SUB-TOTAL
O113: =SUM(K113:N113) -> 0
O114: =SUM(K114:N114) -> 0
O115: =SUM(K115:N115) -> 0
O116: =SUM(K116:N116) -> 0
O117: =SUM(K117:N117) -> 0
O118: =SUM(K118:N118) -> 0
B119: SUB-TOTAL | H119: =SUM(H110:H118) -> 0 | I119: =SUM(I110:I118) -> 0 | J119: =SUM(J110:J118) -> 0 | K119: =SUM(K110:K118) -> 0 | L119: =SUM(L110:L118) -> 0 | M119: =SUM(M110:M118) -> 0 | N119: =SUM(N110:N118) -> 0 | O119: =SUM(O113:O118) -> 0
B121: 10. PRODUCTOS DE INVESTIGACIÓN A COMPROMETER
B123: Tipo | G123: Subtipo | J123: Detalle | O123: Cantidad
B124: 2. PRODUCTOS DE DESARROLLO TECNOLÓGICO E INNOVACIÓN | G124: Regulaciones, normas, reglamentos o legislaciones | J124: Empresas de base tecnológica (Spin-off o Start-up)

Sheet TablaProductos
A1: TIPO | B1: SUBTIPO | C1: DETALLE
A2: 1. PRODUCTOS DE NUEVO CONOCIMIENTO | B2: Artículos de investigación A1, A2, B y C | C2: Artículos en revistas indexadas en los índices bibliográficos de citaciones e índices bibliográficos.
A3: 1. PRODUCTOS DE NUEVO CONOCIMIENTO | B3: Artículos de investigación D | C3: Artículos en revistas indexadas bases bibliográficas (En al menos 2 SIRes)
A4: 1. PRODUCTOS DE NUEVO CONOCIMIENTO | B4: Notas científicas | C4: Notas científicas publicadas en las revistas indexadas en los índices bibliográficos de citaciones e índices bibliográficos
A5: 1. PRODUCTOS DE NUEVO CONOCIMIENTO | B5: Libros resultados de investigación
A6: 1. PRODUCTOS DE NUEVO CONOCIMIENTO | B6: Capítulos en libro resultado de investigación
A7: 1. PRODUCTOS DE NUEVO CONOCIMIENTO | B7: Libros de Formación Q1
A8: 1. PRODUCTOS DE NUEVO CONOCIMIENTO | B8: Productos tecnológicos patentados o en proceso de solicitud de patente | C8: Patente de invención
A9: 1. PRODUCTOS DE NUEVO CONOCIMIENTO | B9: Productos tecnológicos patentados o en proceso de solicitud de patente | C9: Patente de modelo de utilidad
A10: 1. PRODUCTOS DE NUEVO CONOCIMIENTO | B10: Variedades vegetales, nuevas razas animales y poblaciones mejoradas de razas pecuarias | C10: Variedades vegetales
A11: 1. PRODUCTOS DE NUEVO CONOCIMIENTO | B11: Variedades vegetales, nuevas razas animales y poblaciones mejoradas de razas pecuarias | C11: Nuevas razas animales
A12: 1. PRODUCTOS DE NUEVO CONOCIMIENTO | B12: Variedades vegetales, nuevas razas animales y poblaciones mejoradas de razas pecuarias | C12: Poblaciones mejoradas de razas pecuarias
A13: 1. PRODUCTOS DE NUEVO CONOCIMIENTO | B13: Productos resultados de la creación o investigación-creación | C13: Obra o creación efímera
A14: 1. PRODUCTOS DE NUEVO CONOCIMIENTO | B14: Productos resultados de la creación o investigación-creación | C14: Obra o creación permanente
A15: 1. PRODUCTOS DE NUEVO CONOCIMIENTO | B15: Productos resultados de la creación o investigación-creación | C15: Obra o creación procesual
A16: 2. PRODUCTOS DE DESARROLLO TECNOLÓGICO E INNOVACIÓN | B16: Productos tecnológicos certificados o validados | C16: Diseños Industriales
A17: 2. PRODUCTOS DE DESARROLLO TECNOLÓGICO E INNOVACIÓN | B17: Productos tecnológicos certificados o validados | C17: Esquemas de circuito integrado
A18: 2. PRODUCTOS DE DESARROLLO TECNOLÓGICO E INNOVACIÓN | B18: Productos tecnológicos certificados o validados | C18: Softwares
A19: 2. PRODUCTOS DE DESARROLLO TECNOLÓGICO E INNOVACIÓN | B19: Productos tecnológicos certificados o validados | C19: Plantas piloto
... A69: 4. PRODUCTOS DE FORMACIÓN DE RECURSO HUMANO PARA LA CTeI | B69: Apoyos a la creación de programas y cursos de formación de investigadores | C69: Apoyo a la creación de programas o cursos de doctorado y de maestría.
A70: 4. PRODUCTOS DE FORMACIÓN DE RECURSO HUMANO PARA LA CTeI | B70: Acompañamientos y asesorías de línea temática del Programa Ondas

Sheet Listas
A1: TIPO | B1: SUBTIPO | C1: DETALLE | E1: TIPO | F1: SUBTIPO | G1: DETALLE | I1: TIPO | J1: SUBTIPO | K1: DETALLE | M1: TIPO | N1: SUBTIPO | O1: DETALLE | P1: TIPO | Q1: SUBTIPO | R1: DETALLE | S1: TIPO | T1: SUBTIPO | U1: DETALLE | V1: TIPO | W1: SUBTIPO | X1: DETALLE | AA1: ESCALAFÓN
A2: {=_xlfn.UNIQUE(TablaProductos_1[TIPO])} -> 1. PRODUCTOS DE NUEVO CONOCIMIENTO | B2: {=_xlfn.UNIQUE(_xlfn._xlws.FILTER(TablaProductos_1[SUBTIPO],TablaProductos_1[TIPO]=Presupuesto!B124))} -> Productos tecnológicos certificados o validados | C2: {=_xlfn.UNIQUE(_xlfn._xlws.FILTER(TablaProductos_1[DETALLE], TablaProductos_1[SUBTIPO]=Presupuesto!G124))} -> Normas técnicas | E2: {=_xlfn.UNIQUE(TablaProductos_1[TIPO])} -> 1. PRODUCTOS DE NUEVO CONOCIMIENTO | F2: {=_xlfn.UNIQUE(_xlfn._xlws.FILTER(TablaProductos_1[SUBTIPO],TablaProductos_1[TIPO]=Presupuesto!B125))} -> #VALUE! | G2: {=_xlfn.UNIQUE(_xlfn._xlws.FILTER(TablaProductos_1[DETALLE], TablaProductos_1[SUBTIPO]=Presupuesto!G125))} -> #VALUE! | I2: {=_xlfn.UNIQUE(TablaProductos_1[TIPO])} -> 1. PRODUCTOS DE NUEVO CONOCIMIENTO | J2: {=_xlfn.UNIQUE(_xlfn._xlws.FILTER(TablaProductos_1[SUBTIPO],TablaProductos_1[TIPO]=Presupuesto!B126))} -> #VALUE! | K2: {=_xlfn.UNIQUE(_xlfn._xlws.FILTER(TablaProductos_1[DETALLE], TablaProductos_1[SUBTIPO]=Presupuesto!G126))} -> #VALUE! | M2: {=_xlfn.UNIQUE(TablaProductos_1[TIPO])} -> 1. PRODUCTOS DE NUEVO CONOCIMIENTO | N2: {=_xlfn.UNIQUE(_xlfn._xlws.FILTER(TablaProductos_1[SUBTIPO],TablaProductos_1[TIPO]=Presupuesto!B127))} -> #VALUE! | O2: {=_xlfn.UNIQUE(_xlfn._xlws.FILTER(TablaProductos_1[DETALLE], TablaProductos_1[SUBTIPO]=Presupuesto!G127))} -> #VALUE! | P2: {=_xlfn.UNIQUE(TablaProductos_1[TIPO])} -> 1. PRODUCTOS DE NUEVO CONOCIMIENTO | Q2: {=_xlfn.UNIQUE(_xlfn._xlws.FILTER(TablaProductos_1[SUBTIPO],TablaProductos_1[TIPO]=Presupuesto!B128))} -> #VALUE! | R2: {=_xlfn.UNIQUE(_xlfn._xlws.FILTER(TablaProductos_1[DETALLE], TablaProductos_1[SUBTIPO]=Presupuesto!G128))} -> #VALUE! | S2: {=_xlfn.UNIQUE(TablaProductos_1[TIPO])} -> 1. PRODUCTOS DE NUEVO CONOCIMIENTO | T2: {=_xlfn.UNIQUE(_xlfn._xlws.FILTER(TablaProductos_1[SUBTIPO],TablaProductos_1[TIPO]=Presupuesto!B129))} -> #VALUE! | U2: {=_xlfn.UNIQUE(_xlfn._xlws.FILTER(TablaProductos_1[DETALLE], TablaProductos_1[SUBTIPO]=Presupuesto!G129))} -> #VALUE! | V2: {=_xlfn.UNIQUE(TablaProductos_1[TIPO])} -> 1. PRODUCTOS DE NUEVO CONOCIMIENTO | W2: {=_xlfn.UNIQUE(_xlfn._xlws.FILTER(TablaProductos_1[SUBTIPO],TablaProductos_1[TIPO]=Presupuesto!B130))} -> #VALUE! | X2: {=_xlfn.UNIQUE(_xlfn._xlws.FILTER(TablaProductos_1[DETALLE], TablaProductos_1[SUBTIPO]=Presupuesto!G130))} -> #VALUE! | AA2: DOCTORADO - TITULAR | AB2: 5262163.5 | AC2: =+AB2*1.52 -> 7998488.5 | AD2: 46234.038
A3: 2. PRODUCTOS DE DESARROLLO TECNOLÓGICO E INNOVACIÓN | B3: Productos empresariales | C3: Reglamentos técnicos | E3: 2. PRODUCTOS DE DESARROLLO TECNOLÓGICO E INNOVACIÓN | I3: 2. PRODUCTOS DE DESARROLLO TECNOLÓGICO E INNOVACIÓN | M3: 2. PRODUCTOS DE DESARROLLO TECNOLÓGICO E INNOVACIÓN | P3: 2. PRODUCTOS DE DESARROLLO TECNOLÓGICO E INNOVACIÓN | S3: 2. PRODUCTOS DE DESARROLLO TECNOLÓGICO E INNOVACIÓN | V3: 2. PRODUCTOS DE DESARROLLO TECNOLÓGICO E INNOVACIÓN | AA3: MAESTRIA - ASOCIADO | AB3: 4923583.5 | AC3: =+AB3*1.52 -> 7483846.9 | AD3: 43259.231
A4: 3.1. PRODUCTOS DE APROPIACIÓN SOCIAL DEL CONOCIMIENTO | B4: Regulaciones, normas, reglamentos o legislaciones | C4: Guías de práctica clínica | E4: 3.1. PRODUCTOS DE APROPIACIÓN SOCIAL DEL CONOCIMIENTO | I4: 3.1. PRODUCTOS DE APROPIACIÓN SOCIAL DEL CONOCIMIENTO | M4: 3.1. PRODUCTOS DE APROPIACIÓN SOCIAL DEL CONOCIMIENTO | P4: 3.1. PRODUCTOS DE APROPIACIÓN SOCIAL DEL CONOCIMIENTO | S4: 3.1. PRODUCTOS DE APROPIACIÓN SOCIAL DEL CONOCIMIENTO | V4: 3.1. PRODUCTOS DE APROPIACIÓN SOCIAL DEL CONOCIMIENTO | AA4: ESPECIALISTA - ASISTENTE | AB4: 4585003.5 | AC4: =+AB4*1.52 -> 6969205.3 | AD4: 40284.424
A5: 3.2. PRODUCTOS DE DIVULGACIÓN PÚBLICA DE LA CIENCIA | B5: Conceptos técnicos | C5: Protocolos de vigilancia epidemiológica | E5: 3.2. PRODUCTOS DE DIVULGACIÓN PÚBLICA DE LA CIENCIA | I5: 3.2. PRODUCTOS DE DIVULGACIÓN PÚBLICA DE LA CIENCIA | M5: 3.2. PRODUCTOS DE DIVULGACIÓN PÚBLICA DE LA CIENCIA | P5: 3.2. PRODUCTOS DE DIVULGACIÓN PÚBLICA DE LA CIENCIA | S5: 3.2. PRODUCTOS DE DIVULGACIÓN PÚBLICA DE LA CIENCIA | V5: 3.2. PRODUCTOS DE DIVULGACIÓN PÚBLICA DE LA CIENCIA | AA5: PROFESIONAL - AUXILIAR | AB5: 4322491.4 | AC5: =+AB5*1.52 -> 6570187 | AD5: 37977.959
A6: 4. PRODUCTOS DE FORMACIÓN DE RECURSO HUMANO PARA LA CTeI | B6: Registros de Acuerdos de licencia para explotación de obras de Investigación + Creación en Artes, Arquitectura y Diseño protegidas por derechos de autor | C6: Actos legislativos | E6: 4. PRODUCTOS DE FORMACIÓN DE RECURSO HUMANO PARA LA CTeI | I6: 4. PRODUCTOS DE FORMACIÓN DE RECURSO HUMANO PARA LA CTeI | M6: 4. PRODUCTOS DE FORMACIÓN DE RECURSO HUMANO PARA LA CTeI | P6: 4. PRODUCTOS DE FORMACIÓN DE RECURSO HUMANO PARA LA CTeI | S6: 4. PRODUCTOS DE FORMACIÓN DE RECURSO HUMANO PARA LA CTeI | V6: 4. PRODUCTOS DE FORMACIÓN DE RECURSO HUMANO PARA LA CTeI | AA6: ESTUDIANTE
C7: Proyectos de Ley
